 Dungeon Crawl Stone Soup version 0.19-a0-277-g85cb9a5 (webtiles) character file.

2761 inmateoo the Basher (level 9, 0/57 HPs)
             Began as a Gargoyle Fighter on May 27, 2016.
             Slain by an unseen horror (7 damage)
             ... on level 7 of the Dungeon.
             The game lasted 00:10:00 (7654 turns).

inmateoo the Basher (Gargoyle Fighter)              Turns: 7654, Time: 00:10:01

Health: 0/57       AC: 16    Str: 23    XL:     9   Next: 69%
Magic:  8/8        EV:  7    Int:  9    God:
Gold:   150        SH: 10    Dex:  9    Spells: 0 memorised, 8 levels left

rFire  . . .     SeeInvis .     s - +0 morningstar (freeze)
rCold  + . .     Gourm    .     q - +0 chain mail
rNeg   + . .     Faith    .     c - +0 shield
rPois  ∞         Spirit   .     (no helmet)
rElec  +         Dismiss  .     (no cloak)
rCorr  +         Reflect  .     (no gloves)
SustAt .         Harm     .     (no boots)
MR     .....                    (no amulet)
Stlth  ..........               (no ring)
                                i - ring of resist corrosion

@: not resistant to hostile enchantments, extremely unstealthy
A: cold resistance 1, low mp 1, negative energy resistance 1, screaming 1,
electricity resistance, unbreathing, petrification resistance, rot immunity, AC
+5
a: no special abilities


You were on level 7 of the Dungeon.
You were hungry.

You visited 2 branches of the dungeon, and saw 8 of its levels.

You collected 389 gold pieces.
You spent 239 gold pieces at shops.

Inventory:

Hand Weapons
 s - a +0 morningstar of freezing (weapon)
Armour
 c - a +0 shield (worn)
 l - a +1 large shield
 q - a +0 chain mail (worn)
Jewellery
 i - a ring of resist corrosion (left hand)
Wands
 b - a wand of lightning (5/15)
Scrolls
 e - 2 scrolls of identify
 j - 4 scrolls of remove curse
 k - 5 scrolls of teleportation
 m - a scroll of amnesia
 n - 2 scrolls of recharging
 o - a scroll of enchant armour
 u - 2 scrolls of magic mapping
 x - a scroll of fear
Potions
 d - a potion of heal wounds
 g - a potion of flight
 r - 3 potions of resistance
 t - 2 potions of cure mutation
Comestibles
 a - a royal jelly
 f - 4 bread rations
 h - 2 beef jerkies
 p - 6 meat rations
 v - a slice of pizza
 w - 3 chunks of flesh


   Skills:
 + Level 7.1 Fighting
 * Level 8.1 Maces & Flails
 + Level 7.1 Armour
 + Level 1.9 Dodging
 + Level 7.0 Shields


You had 8 spell levels left.
You didn't know any spells.

Dungeon Overview and Level Annotations

Branches:
Dungeon (7/15)             Temple (1/1) D:5

Altars:
Ashenzari
Cheibriados
Dithmenos
Elyvilon
Gozag
Kikubaaqudgha
Makhleb
Nemelex Xobeh
Okawaru
Pakellas
Qazlal
Ru
Sif Muna
Trog
Ukayaw
Vehumet
Xom
Yredelemnul
The Shining One

Shops:
D:5 ?


Innate Abilities, Weirdness & Mutations

You are resistant to torment.
Your stone body is resilient (AC +5).
You are immune to poison.
You resist negative energy. (rN+)
You are resistant to electric shocks. (rElec)
You can survive without breathing.
You are immune to petrification.
You are immune to rotting.
Your flesh is cold resistant. (rC+)
Your magical capacity is low. (-10% MP)
You occasionally shout uncontrollably at your foes.


Message History

You swing at nothing.
You swing at nothing.
You swing at nothing.
You swing at nothing.
Something hits you but does no damage.
Your shield and chain mail prevent you from hitting something.
Something hits you but does no damage.
You barely miss something. Something hits you but does no damage.
You swing at nothing.
You miss something. Something completely misses you.
You block something's attack. Something hits you but does no damage.
You closely miss something. Something hits you but does no damage.
You miss something. Something hits you but does no damage.
You swing at nothing.
You block something's attack.
You swing at nothing.
Something hits you but does no damage. You block something's attack.
You closely miss something. Something hits you but does no damage.
Something hits you!
* * * LOW HITPOINT WARNING * * *
Something hits you!
You die...

#(.....### #.##..##..##...#
#:⌠.$⌠.#.####.##..##..##...#
#...$.#...##...##..##..##.#
#...$......'...##..##..##.#
#.....#...##)##..##..##...#
#!⌠..⌠.#.####.##..##..##...#
#$.....### #...##..##..##.#
$[##### #...##..##..##.# $
####@.##..##...#
#..##..##...# #############


There were no monsters in sight!

Vanquished Creatures
  The ghost of kroki the Cleaver, a novice MiGl (D:6)
  A hungry ghost (D:7)
  2 ice beasts
  2 phantoms
  2 ogres
  2 centaurs
  Blork the orc (D:6)
  A giant frog (D:7)
  2 scorpions (D:6)
  A killer bee (D:7)
  A wight (D:7)
  5 crimson imps
  A hound (D:7)
  5 orc priests
  A jelly (D:5)
  A centaur skeleton (D:6)
  A gnoll shaman (D:4)
  8 orc wizards
  3 iguanas
  Terence (D:2)
  3 worker ants
  3 hound skeletons
  5 gnolls (D:4)
  10 adders
  A shadow imp (D:6)
  2 oozes
  An adder zombie (D:5)
  An adder skeleton (D:7)
  2 dart slugs
  6 giant geckos
  24 orcs
  5 ball pythons
  2 giant cockroaches
  5 goblins
  A hobgoblin (D:3)
  2 jackals (D:6)
  7 kobolds
  2 quokkas
  8 bats
  5 giant newts
  A jackal zombie (D:6)
  A quokka skeleton (D:5)
  7 rats
146 creatures vanquished.

Notes
Turn   | Place    | Note
--------------------------------------------------------------
     0 | D:1      | inmateoo the Gargoyle Fighter began the quest for the Orb.
     0 | D:1      | Reached XP level 1. HP: 14/14 MP: 1/1
     7 | D:1      | Noticed a giant frog
   176 | D:1      | Reached XP level 2. HP: 18/19 MP: 2/2
   672 | D:2      | Noticed Terence
  1158 | D:2      | Reached XP level 3. HP: 24/24 MP: 3/3
  1278 | D:2      | Killed Terence
  1278 | D:2      | Reached XP level 4. HP: 21/29 MP: 4/4
  1688 | D:3      | Found a white marble altar of Elyvilon.
  2184 | D:3      | Reached skill level 3 in Maces & Flails
  2228 | D:3      | Reached XP level 5. HP: 22/34 MP: 5/5
  2358 | D:3      | Found a burning altar of Makhleb.
  2358 | D:3      | Found an ancient bone altar of Kikubaaqudgha.
  2665 | D:4      | Found a shattered altar of Ashenzari.
  2676 | D:4      | Reached XP level 6. HP: 22/39 MP: 6/6
  2972 | D:4      | Reached skill level 4 in Maces & Flails
  3323 | D:5      | Entered Level 5 of the Dungeon
  3330 | D:4      | Reached skill level 5 in Fighting
  3330 | D:4      | Reached XP level 7. HP: 37/44 MP: 7/7
  3397 | D:4      | Reached skill level 5 in Armour
  4104 | D:5      | Reached skill level 5 in Maces & Flails
  4104 | D:5      | Reached skill level 5 in Shields
  4596 | D:5      | Found Ytopsioc's Magic Scroll Emporium.
  4601 | D:5      | Bought a scroll of identify for 30 gold pieces
  4601 | D:5      | Bought a scroll of identify for 30 gold pieces
  4601 | D:5      | Bought a scroll of enchant armour for 112 gold pieces
  4601 | D:5      | Bought a scroll of magic mapping for 52 gold pieces
  4601 | D:5      | Bought a scroll of noise for 15 gold pieces
  4719 | D:5      | Found a staircase to the Ecumenical Temple.
  4799 | Temple   | Entered the Ecumenical Temple
  5018 | D:5      | Found a glowing golden altar of the Shining One.
  5180 | D:6      | Reached XP level 8. HP: 41/51 MP: 8/8
  5406 | D:6      | Noticed kroki's ghost (novice MiGl)
  5913 | D:6      | Gained mutation: Your flesh is cold resistant. (rC+) [potion of mutation]
  5913 | D:6      | Gained mutation: You occasionally shout uncontrollably at your foes. [potion of mutation]
  5913 | D:6      | Gained mutation: Your magical capacity is low. (-10% MP) [potion of mutation]
  5967 | D:6      | Reached skill level 6 in Maces & Flails
  6334 | D:6      | Killed kroki's ghost
  6334 | D:6      | Reached skill level 7 in Maces & Flails
  6334 | D:6      | Reached XP level 9. HP: 47/56 MP: 8/8
  6443 | D:6      | Noticed Blork the orc
  6456 | D:6      | Killed Blork the orc
  7254 | D:7      | Reached skill level 1 in Dodging
  7540 | D:7      | Reached skill level 8 in Maces & Flails
  7654 | D:7      | Slain by an unseen horror

Vault maps used:
D:1:      evilmike_arrival_come_back
D:2:      uniq_terence
D:3:      elyvilon_altar_1, gammafunk_temple_overflow_elements, minivault_19,
          grunt_decor_resistance
D:4:      evilmike_ruin_ashenzari, first_bread
D:5:      nicolae_tso_swordbearing_angel, minmay_temple_entry_hall,
          serial_shops, shop, hangedman_abyss_or_decor_stagger
D:6:      patterned_corridor, uniq_blork_the_orc
D:7:      wad_guarded_room
Temple:   minmay_temple_curvy_14

Skill      XL: |  1  2  3  4  5  6  7  8  9 |
---------------+----------------------------+-----
Armour         | 4 5 6 7 |  7.1
Fighting       | 4 5 6 7 |  7.1
Maces & Flails | 3 4 5 7 8 |  8.1
Shields        | 4 5 6 7 |  7.0
Dodging        | 1 |  1.9

Action                   |  1- 3 |  4- 6 |  7- 9 || total
-------------------------+-------+-------+-------++-------
Melee: Flail             |   148 |   164 |       ||   312
       Morningstar       |       |    97 |   401 ||   498
  Use: Scroll            |       |       |    12 ||    12
       Potion            |       |       |     6 ||     6
  Eat: Chunk             |     1 |     7 |    14 ||    22
       Beef jerky        |       |       |     1 ||     1
Armor: Scale mail        |    84 |    14 |       ||    98
       Chain mail        |       |   129 |   249 ||   378
       Skin              |       |       |     9 ||     9
Dodge: Dodged            |    59 |    69 |    81 ||   209
Block: Shield            |    89 |   151 |   208 ||   448
